 Dungeon Crawl Stone Soup version 0.17-a0-125-g34d91a1 (webtiles) character file.

615 Ngotmuk the Chopper (level 7, 0/61 HPs)
             Began as a Deep Dwarf Fighter on Mar 23, 2015.
             Killed by divine providence
             ... invoked by an orc priest
              (9 damage)
             ... on level 4 of the Dungeon.
             The game lasted 00:09:05 (2504 turns).

Ngotmuk the Chopper (Deep Dwarf Fighter)            Turns: 2504, Time: 00:09:06

Health: 0/61       AC:  8    Str: 22    XL:     7   Next: 21%
Magic:  7/7        EV:  8    Int:  8    God:
Gold:   239        SH: 10    Dex: 17    Spells: 0 memorised, 6 levels left

rFire  . . .     SeeInvis .     a - +0 war axe
rCold  . . .     Clarity  .     y - +0 leather armour {rPois}
rNeg   . . .     SustAb   .     c - +0 shield
rPois  +         Gourm    .     (no helmet)
rElec  .         Spirit   .     n - +0 cloak
rCorr  .         Warding  .     g - +2 pair of gloves
rMut   .         Stasis   .     (no boots)
MR     +....                    (no amulet)
Stlth  +.........               (no ring)
                                k - +5 ring of dexterity

@: non-regenerating, drained, somewhat resistant to hostile enchantments, very
unstealthy
A: damage resistance, recharge devices, sense surroundings 1, slow healing 3
a: Device Recharging


You were on level 4 of the Dungeon.
You were hungry.

You visited 1 branch of the dungeon, and saw 4 of its levels.

You collected 239 gold pieces.

Inventory:

Hand weapons
 a - a +0 war axe (weapon)
Armour
 c - a +0 shield (worn)
 g - a +2 pair of gloves (worn)
 n - a +0 cloak (worn)
 y - a +0 leather armour of poison resistance (worn)
Jewellery
 h - an uncursed ring of ice
 k - a +5 ring of dexterity (left hand)
 u - an uncursed amulet of resist mutation
Magical devices
 d - a wand of heal wounds (3)
Scrolls
 i - 5 scrolls of identify {unknown}
 j - a scroll of enchant armour {unknown}
 p - a scroll of random uselessness {unknown}
 x - a scroll of magic mapping {unknown}
 z - a scroll of fog {unknown}
Potions
 e - 2 potions of might
 l - a potion of restore abilities {unknown}
 m - 2 potions of flight {unknown}
 o - 3 potions of curing {unknown}
 q - a potion of lignification {unknown}
 r - a potion of cancellation {unknown}
 t - 2 potions of resistance {unknown}
 v - 2 potions of haste {unknown}
 w - 2 potions of brilliance {unknown}
Comestibles
 b - a beef jerky
 f - 3 bread rations
 s - a fruit


   Skills:
 - Level 2.6(2.5) Fighting
 * Level 7.8(7.6) Axes
 - Level 5.2(5.1) Armour
 - Level 3.2(3.1) Shields


You had 6 spell levels left.
You didn't know any spells.

Dungeon Overview and Level Annotations

Branches:
Dungeon (4/15)
 Temple: D:4-7

Altars:
Okawaru


Innate Abilities, Weirdness & Mutations

You are resistant to damage.
You can recharge devices by infusing magical energy.
You passively map a small area around you.
You do not heal naturally.


Message History

You closely miss the orc.
The orc is heavily wounded.
The orc hits you with a mace.
* * * LOW HITPOINT WARNING * * *
Your shield prevents you from hitting the orc.
The orc is moderately wounded.
You block the orc's attack.
You slash the orc!
You kill the orc!
You block the orc's attack.
You hit the orc.
The orc is heavily wounded.
The orc priest calls upon Beogh to heal the orc.
The orc's wounds heal themselves!
You block the orc's attack.
You hit the orc.
The orc is moderately wounded.
The orc hits you but does no damage.
The orc priest calls down the wrath of Beogh upon you.
Something smites you!
You die...

#.##..# #.#
#.....##############.#
####.....<...........#
#.###############.# #
#. #.# ## #. #.###. #)
#.....
#.###################.
#..oo@.........รท......
######################


You could see an orc priest and an orc.

Vanquished Creatures
  Edmund (D:4)
  A centaur (D:4)
  The ghost of Ngotmuk the Covered, a weakling DDFi (D:3)
  A centaur skeleton (D:4)
  2 worker ants (D:4)
  An orc wizard (D:4)
  10 river rats (D:4)
  6 adders
  2 worms (D:4)
  5 orcs
  A bat skeleton (D:4)
  A giant cockroach (D:3)
  9 hobgoblins
  15 jackals
  9 kobolds
  2 ball pythons (D:1)
  A ball python skeleton (D:4)
  11 bats
  A giant gecko (D:4)
  8 giant newts
  10 goblins
  2 quokkas
  18 rats
118 creatures vanquished.

Notes
Turn   | Place    | Note
--------------------------------------------------------------
     0 | D:1      | Ngotmuk, the Deep Dwarf Fighter, began the quest for the Orb.
     0 | D:1      | Reached XP level 1. HP: 20/20 MP: 1/1
    66 | D:1      | Found an iron altar of Okawaru.
   319 | D:1      | Reached XP level 2. HP: 27/27 MP: 2/2
   982 | D:2      | Reached XP level 3. HP: 28/33 MP: 3/3
  1394 | D:3      | Reached skill level 4 in Axes
  1482 | D:3      | Reached XP level 4. HP: 33/40 MP: 4/4
  1492 | D:3      | Noticed Ngotmuk's ghost (weakling DDFi)
  1509 | D:3      | Killed Ngotmuk's ghost
  1867 | D:4      | Reached XP level 5. HP: 42/46 MP: 5/5
  1879 | D:4      | Reached skill level 5 in Axes
  1942 | D:4      | Noticed a centaur
  1951 | D:4      | Killed a centaur
  2058 | D:4      | Reached XP level 6. HP: 33/55 MP: 6/6
  2059 | D:4      | Reached skill level 5 in Armour
  2075 | D:4      | Reached skill level 6 in Axes
  2197 | D:4      | Noticed Edmund
  2212 | D:4      | Killed Edmund
  2212 | D:4      | Reached skill level 7 in Axes
  2249 | D:4      | Reached XP level 7. HP: 29/61 MP: 7/7
  2504 | D:4      | Killed from afar by an orc priest

Action                   |  1- 3 |  4- 6 |  7- 9 || total
-------------------------+-------+-------+-------++-------
Melee: War axe           |   157 |   194 |    43 ||   394
Evoke: Wand              |       |     2 |       ||     2
  Use: Scroll            |       |     1 |       ||     1
  Eat: Bread ration      |     1 |       |       ||     1
       Fruit             |       |       |     1 ||     1
